AoeStats
← Mon Bosson

Golden Pit

509566262Analyzed
1v1 RM · 3d ago on Sep 27, 2026· 38m 53s· 2 players
Game mode
Random Map
Map size
Tiny (2 player)
Population
200
Speed
Normal
Resources
Standard
Victory
Conquest
Starting age
Dark Age
Ending age
Imperial Age
RankedLock teamsTeams togetherTeam positionsShared explorationLock speedFull tech treeHidden civsTurbo modeCheats
Victory
Defeat
🇸🇪 Inca · Sweden
757
+16
🇹🇼 Danes · Taiwan
750
-16
mansun2834
9:15 Loom
11:13 Feudal Age
12:08 Double-Bit Axe
12:09 Horse Collar
18:18 Man-at-Arms
23:53 Castle Age
23:02 Scale Mail Armor
23:13 Forging
24:38 Wheelbarrow
23:49 Town Watch
24:03 Long Swordsman
26:47 Squires
27:19 Bow Saw
30:06 Gambesons
30:07 Arson
32:43 Chain Mail Armor
34:54 Fletching
36:26 Bodkin Arrow
Mon Bosson
10:43 Feudal Age
10:27 Loom
11:18 Horse Collar
11:26 Double-Bit Axe
13:16 Champi Runner
14:55 Scale Mail Armor
17:27 Arson
20:03 Forging
24:56 Castle Age
26:39 Iron Casting
26:20 Chain Mail Armor
26:09 Squires
27:14 Thumb Ring
28:33 Champi Warrior
29:20 Padded Archer Armor
29:11 Fletching
38:30 Imperial Age
37:32 Heavy Plow
37:43 Bow Saw
37:25 Gold Mining
38:09 Leather Archer Armor
Connection lost

Rejoining the realm…

Still unreachable

The connection could not be restored.

Session expired

The server has moved on; the page needs a fresh start.